 Dungeon Crawl Stone Soup version 0.31-a0-1529-g7bd419a0e5 (webtiles) character file.

Game seed: 3141040302894570866

16 croobank the Sneak (level 2, 0/16 HPs)
             Began as a Felid Delver on Dec 31, 2023.
             Slain by Jessica
             ... wielding a +0 dagger
              (2 damage)
             ... on level 2 of the Dungeon.
             The game lasted 00:05:13 (465 turns).

croobank the Sneak (Felid Delver)                    Turns: 465, Time: 00:05:14

Health: 0/16       AC:  1    Str:  8    XL:     2   Next: 37%
Magic:  3/3        EV: 18    Int: 13    God:
Gold:   51         SH:  0    Dex: 17    Spells: 1/1 levels left
                                        Lives:  0   Deaths: 1

rFire   . .          .
                       - Unarmed
rCold   . . .        (shield unavailable)
rNeg    . . .        (body armour unavailable)
rPois   .            (helmet unavailable)
rElec   .            (cloak unavailable)
rCorr   .            (gloves unavailable)
SInv    +            (boots unavailable)
Will    .....        (no amulet)
Stlth   ++++         (no ring)
HPRegen 0.22/turn    (no ring)
MPRegen 0.08/turn

%: no passive effects
@: no status effects
A: very small, claws 1, fangs 3, see invisible, shaggy fur 1, stealthy paws, no
weapons or thrown items, no armour, multi-lived
a: no special abilities


You were on level 2 of the Dungeon.
You visited 1 branch of the dungeon, and saw 5 of its levels.

You collected 51 gold pieces.

Inventory:

Scrolls
 a - a scroll of fog
 c - a scroll of fear
 f - a scroll of identify {unknown}
Potions
 d - a potion of curing
 e - a potion of heal wounds {unknown}


   Skills:
 + Level 3.2 Fighting
 + Level 3.1 Dodging
 + Level 6.8 Stealth
 + Level 2.3 Unarmed Combat


You had one spell level left.
You didn't know any spells.
Your spell library contained the following spells:

 Spells                   Type           Power      Damage    Failure   Level
 Freeze                   Ice            0%         1d3       30%         1
 Frozen Ramparts          Ice            0%         1d1       67%         3
 Hailstorm                Conj/Ice       0%         3d5       67%         3


Dungeon Overview and Level Annotations

Branches:
Dungeon (6/15)
 Temple: D:4-7

Altars:
Dithmenos

Shops:
D:5 [

Annotations:
D:2 Jessica
D:3 Terence
D:5 Duvessa


Innate Abilities, Weirdness & Mutations

You have sharp claws.
You have razor-sharp teeth.
You have supernaturally acute eyesight. (SInv)
You are covered in fur. (AC +1)
Your paws help you pounce on unaware monsters.
You are incapable of wielding weapons or throwing items.
You cannot wear armour.
You gain extra lives every three experience levels.


Message History

Your Dodging skill increases to level 3!
You have reached level 2!
The frilled lizard completely misses you.
You barely miss the frilled lizard. The frilled lizard barely misses you.
You miss the frilled lizard. The frilled lizard closely misses you.
You claw the frilled lizard!
You kill the frilled lizard!
f - a scroll labelled MYUFAC TUBBUD You pick up a book of Frost and begin reading...
You add the spells Freeze, Frozen Ramparts and Hailstorm to your library.
You see here a +3 short sword.
You start resting.
HP restored.
Nothing quivered!
You now have 51 gold pieces (gained 15).
Jessica and a goblin come into view.
The goblin moves out of view.
You start waiting.
Jessica is nearby!
Okay, then.
Jessica is nearby!
Jessica misses you.
You scratch Jessica but do no damage. Your bite misses Jessica.
Jessica gestures wildly while chanting.
Jessica seems to speed up.
You scratch Jessica.
Jessica is heavily wounded.
Jessica hits you with a +0 dagger.
Jessica points at you and mumbles some strange words.
You barely resist. You closely miss Jessica.
Jessica is heavily wounded.
Jessica hits you with a +0 dagger.
As you read the scroll labelled QIOTEM VELI, it crumbles to dust.
It is a scroll of enchant weapon.
You aren't carrying any weapons that can be enchanted.
Jessica hits you with a +0 dagger!
Ouch! That really hurt!
* * * LOW HITPOINT WARNING * * *
Jessica hits you with a +0 dagger.
You die...

.............##
............g..
.............
#####..........
..@...$>.......
#######.####... #####
###.####
#...###......#
#.....@@.....#
#............########
#..(.........#......#
#...###......#......#
#.....#
###.####).....#
#####.#
#............# #.#
#............# #.#
#)...........#
............#####


You could see Jessica (fast).

Vanquished Creatures
  An adder (D:2)
  A dart slug (D:5)
  2 kobolds
  A ball python (D:2)
  A frilled lizard (D:2)
6 creatures vanquished.

Notes
Turn   | Place    | Note
-------+----------+-------------------------------------------
     0 | D:5      | croobank the Felid Delver began the quest for the Orb.
     0 | D:5      | Reached XP level 1. HP: 12/12 MP: 2/2
     1 | D:6      | Noticed an orc warrior
     1 | D:6      | Noticed an orc wizard
     1 | D:6      | Noticed a phantom
     8 | D:6      | Slain by an orc
     8 | D:6      | Lost a life (0 lives remaining)
     9 | D:6      | Found a shadowy altar of Dithmenos.
    38 | D:5      | Noticed Duvessa
    53 | D:5      | Found Byher's Antique Armour Boutique.
    54 | D:5      | Noticed a scorpion
   120 | D:4      | Noticed a bombardier beetle
   202 | D:4      | Noticed an orc wizard
   202 | D:4      | Noticed an orc priest
   361 | D:3      | Noticed Terence
   377 | D:2      | Noticed Jessica
   413 | D:2      | Reached XP level 2. HP: 12/16 MP: 3/3
   465 | D:2      | Slain by Jessica

Illustrated notes

Levels and vault maps discovered:
D:2:      layout_basic, uniq_jessica
D:3:      layout_loops_corners, gammafunk_temple_overflow_claw,
          nicolae_ashenzari_panopticon, mainiacjoe_overflow_catch_the_wave,
          ebering_ecumenical_altar_mist, grunt_ministairs_9, uniq_terence,
          uniq_natasha
D:4:      layout_basic
D:5:      layout_loops_cross, regret_index_kikubaaqudgha_part_by_part,
          serial_shops, shop, uniq_duvessa
D:6:      layout_rooms, old_standard_altar, mainiacjoe_overflow_paths

Skill      XL: |  1 |
---------------+----+-----
Dodging        | 3 |  3.1
Fighting       | |  3.2
Stealth        | |  6.8
Unarmed Combat | |  2.3

Action                     || total
---------------------------++-------
  Melee: Unarmed           ||    22
         Bite              ||     2
         Punch             ||     1
  Evoke: Wand              ||     3
    Use: Potion            ||     2
         Scroll            ||     2
   Stab: Sleeping          ||     3
 Armour: Skin              ||    11
  Dodge: Dodged            ||    21

Table legend: (Time is in decaauts)
 A = Elapsed time spent in this place.
 B = Non-inter-level travel time spent in this place.
 C = Inter-level travel time spent in this place.
 D = Time resting spent in this place.
 E = Time spent auto-exploring this place.
 F = Levels seen in this place.
 G = Mean time per level.
                   A        B        C        D        E       F      G
               +--------+--------+--------+--------+--------+-----+--------+
         Total |    462 |    388 |     74 |      7 |     28 |   5 |   92.4 |
       Dungeon |    462 |    388 |     74 |      7 |     28 |   5 |   92.4 |
               +--------+--------+--------+--------+--------+-----+--------+

Top non-repeatable levels by time:
     D:4: 276 daAuts
     D:2: 88 daAuts
     D:5: 57 daAuts
     D:6: 25 daAuts
     D:3: 14 daAuts
